 Dungeon Crawl Stone Soup version 0.30-b1-2-g02819fbbbe (webtiles) character file.

Game seed: 13900328736017882349

126763 MrClown the Eclecticist (level 16, -11/109 HPs)
             Began as a Demonspawn Necromancer on Aug 19, 2023.
             Was the Champion of Kikubaaqudgha.
             Killed from afar by the salamander tyrant (30 damage)
             ... on level 3 of the Snake Pit.
             The game lasted 01:36:40 (31390 turns).

MrClown the Eclecticist (Demonspawn Necromancer)   Turns: 31390, Time: 01:36:41

Health: -11/109    AC: 13    Str: 11    XL:     16   Next: 44%
Magic:  33/53      EV: 17    Int: 24    God:    Kikubaaqudgha [******]
Gold:   1857       SH:  0    Dex: 17    Spells: 7/45 levels left

rFire   + . .        h - +2 mace of Conservatism {venom, MP+9}
rCold   + . .        (no shield)
rNeg    . . .        l - +0 steam dragon scales
rPois   .            U - +2 hat
rElec   +            (cloak unavailable)
rCorr   .            W - +0 pair of gloves
SInv    .            L - +2 pair of boots {rampage}
Will    ++...        g - amulet of magic regeneration
Stlth   ++           i - ring of Siophis {rF+ MP+9 Str+2 Dex+3}
HPRegen 0.38/turn    a - ring of Mirth {Wiz rElec rC+}
MPRegen 0.73/turn

%: rampage, wizardry (x1)
@: no status effects
A: thin metallic scales 1, icemail 1, powered by pain 2, torment resistance 1,
condensation shield, demonic willpower, weakness stinger 3
a: Renounce Religion, Unearth Wretches, Torment, Brand Weapon With Pain, Receive
Forbidden Knowledge


You were on level 3 of the Snake Pit.
You worshipped Kikubaaqudgha.
Kikubaaqudgha was exalted by your worship.
You visited 4 branches of the dungeon, and saw 25 of its levels.
You also visited: Ossuary and Gauntlet.

You collected 2897 gold pieces.
You spent 1040 gold pieces at shops.

Inventory:

Hand Weapons
 h - the +2 mace of Conservatism (weapon) {venom, MP+9}
   (You took it off a minotaur in a Gauntlet)

   MP:        It affects your magic capacity (+9).
Missiles
 I - 3 throwing nets
 R - 7 curare-tipped darts
Armour
 l - +0 steam dragon scales (worn)
 q - a +1 cloak
 L - a +2 pair of boots of rampaging (worn)
 U - a +2 hat (worn)
 W - a +0 pair of gloves (worn)
Jewellery
 a - the ring of Mirth (right hand) {Wiz rElec rC+}
   (You took it off a minotaur in a Gauntlet)

   [ring of wizardry]

   It improves your spell success rate.
   rC:        It protects you from cold.
   rElec:     It insulates you from electricity.
 g - an amulet of magic regeneration (around neck)
 i - the ring of Siophis (left hand) {rF+ MP+9 Str+2 Dex+3}
   (You found it in a Gauntlet)

   [ring of magical power]

   Str:       It affects your strength (+2).
   Dex:       It affects your dexterity (+3).
   rF:        It protects you from fire.
   MP:        It affects your magic capacity (+9).
 j - a +4 ring of protection
 v - a +6 ring of intelligence
 w - an amulet of the acrobat
 D - a ring of resist corrosion
 G - a ring of protection from cold
 P - the ring "Dalekhac" {rC+ Str+9 Slay+2 Stlth-}
   (You found it on level 1 of the Orcish Mines)

   [ring of protection from cold]

   Str:       It affects your strength (+9).
   Slay:      It affects your accuracy & damage with ranged weapons and melee
   (+2).
   rC:        It protects you from cold.
   Stlth:     It makes you less stealthy.
 V - a +6 ring of intelligence
 X - a ring of protection from fire
 Y - the amulet "Litranu" {RegenMP *Slow rF+ Slay+2}
   (You took it off a deep elf zephyrmancer on level 12 of the Dungeon)

   [amulet of magic regeneration]

   It increases your rate of magic regeneration.
   Slay:      It affects your accuracy & damage with ranged weapons and melee
   (+2).
   rF:        It protects you from fire.
   *Slow:     It may slow you when you take damage.
Wands
 e - a wand of flame (51)
 C - a wand of iceblast (25)
 F - a wand of paralysis (11)
 H - a wand of acid (25)
 N - a wand of digging (9)
Scrolls
 f - 7 scrolls of identify
 k - 3 scrolls of brand weapon
 u - 6 scrolls of teleportation
 y - 4 scrolls of amnesia
 z - 4 scrolls of immolation
 A - 2 scrolls of fog
 E - 3 scrolls of enchant weapon
 J - 4 scrolls of fear
 K - 2 scrolls of blinking {unknown}
 M - 2 scrolls of magic mapping
 Q - 4 scrolls of enchant armour
Potions
 b - 3 potions of magic
 c - 5 potions of lignification
 d - a potion of ambrosia
 m - 3 potions of cancellation
 n - a potion of attraction
 o - 3 potions of resistance
 p - 4 potions of haste
 r - 5 potions of brilliance
 s - 4 potions of mutation
 t - 5 potions of flight
 x - a potion of invisibility
 O - 2 potions of might
 T - a potion of curing
Miscellaneous
 B - a lightning rod (4/4)
 S - a phantom mirror
 Z - a phial of floods


   Skills:
 - Level 5.0 Fighting
 - Level 9.0 Dodging
 - Level 1.7 Stealth
 - Level 15.0 Spellcasting
 - Level 5.0 Conjurations
 + Level 10.8 Summonings
 - Level 13.0 Necromancy
 - Level 4.0 Transmutations
 - Level 5.0 Fire Magic
 - Level 9.0 Earth Magic
 - Level 9.0 Poison Magic
 - Level 9.0 Evocations


You had 7 spell levels left.
You knew the following spells:

 Your Spells              Type           Power      Damage    Failure   Level
a - Necrotise             Necr           100%       1d9       0%          1
b - Vampiric Draining     Necr           69%        2d10      1%          3
c - Animate Dead          Necr           69%        N/A       1%          4
d - Stone Arrow           Conj/Erth      100%       3d13      1%          3
e - Olgreb's Toxic Radia  Pois           57%        N/A       1%          4
f - Ignite Poison         Fire/Tmut/Pois 46%        N/A       1%          3
g - Death Channel         Necr           34%        N/A       1%          6
h - Borgnjor's Vile Clut  Necr/Erth      31%        N/A       1%          5
i - Dispel Undead         Necr           69%        3d23      1%          4
j - Lee's Rapid Deconstr  Erth           28%        3d15*     1%          5

Your spell library contained the following spells:

 Spells                   Type           Power      Damage    Failure   Level
 Sublimation of Blood     Necr           69%        N/A       0%          2
 Beastly Appendage        Tmut           74%        N/A       1%          1
 Sandblast                Erth           100%       2d20      1%          1
 Shock                    Conj/Air       100%       1d9       1%          1
 Sting                    Tmut/Pois      100%       1d8       1%          1
 Blink                    Tloc           36%        N/A       1%          2
 Cigotuvi's Dreadful Rot  Necr/Pois/Air  100%       N/A       1%          2
 Ensorcelled Hibernation  Hex/Ice        36%        N/A       1%          2
 Momentum Strike          Conj/Tloc      60%        3d9       1%          2
 Passwall                 Tmut/Erth      40%        N/A       1%          2
 Poisonous Vapours        Pois/Air       78%        N/A       1%          2
 Wereblood                Tmut           37%        N/A       1%          2
 Inner Flame              Hex/Fire       30%        N/A       1%          3
 Spider Form              Tmut/Pois      49%        N/A       1%          3
 Volatile Blastmotes      Fire/Tloc      60%        2d15      1%          3
 Anguish                  Hex/Necr       24%        N/A       1%          4
 Animate Armour           Summ/Erth      100%       N/A       1%          4
 Flame Wave               Conj/Fire      42%        2d11      1%          4
 Sticky Flame             Conj/Fire      42%        2d6       1%          4
 Summon Ice Beast         Ice/Summ       43%        N/A       1%          4
 Agony                    Necr           69%        N/A       1%          5
 Alistair's Intoxication  Tmut/Pois      32%        N/A       2%          5
 Frozen Ramparts          Ice            36%        1d6       4%          3
 Gell's Gravitas          Tloc           18%        N/A       4%          3
 Swiftness                Air            18%        N/A       4%          3
 Teleport Other           Tloc           18%        N/A       4%          3
 Tukima's Dance           Hex            18%        N/A       4%          3
 Fulminant Prism          Conj/Hex       15%        3d10      4%          4
 Iskenderun's Mystic Bla  Conj/Tloc      30%        2d8       4%          4
 Ice Form                 Ice/Tmut       27%        N/A       6%          4
 Irradiate                Conj/Tmut      19%        3d18      6%          5
 Blade Hands              Tmut           18%        N/A       7%          5
 Haunt                    Necr/Summ      33%        N/A       9%          7
 Iron Shot                Conj/Erth      25%        9d5       11%         6
 Airstrike                Air            9%         2d(2-18)  12%         4
 Manifold Assault         Tloc           18%        N/A       12%         4
 Passage of Golubria      Tloc           18%        N/A       12%         4
 Eringya's Noxious Bog    Tmut/Pois      24%        N/A       13%         6
 Simulacrum               Ice/Necr       24%        N/A       13%         6
 Yara's Violent Unravell  Hex/Tmut       13%        3d7       16%         5
 Freezing Cloud           Conj/Ice/Air   12%        6-21      17%         5
 Silence                  Hex/Air        9%         N/A       32%         5
 Malign Gateway           Summ/Tloc      21%        N/A       71%         7
 Dispersal                Tloc           9%         N/A       86%         6
 Dragon Form              Tmut           18%        N/A       87%         7
 Storm Form               Tmut/Air       13%        N/A       98%         7
 Infestation              Necr           34%        N/A       36%         8
 Lehudib's Crystal Spear  Conj/Erth      25%        10d7      98%         8
 Disjunction              Tloc           9%         N/A       100%        8
 Ignition                 Fire           21%        3d8       100%        8


Dungeon Overview and Level Annotations

Branches:
Dungeon (15/15)            Temple (0/1) D:6            Lair (5/5) D:9
  Swamp (0/4) Lair:2        Snake (3/4) Lair:3        Slime (0/5) Lair:5
    Orc (2/2) D:11            Elf (0/3) Orc:2        Vaults (0/5) D:14
 Depths (0/4) D:15        Ossuary (visited)         Gauntlet (visited)

Altars:
Ashenzari
Cheibriados
Kikubaaqudgha
Qazlal
Trog
Xom
Jiyva

Shops:
D:9 :   Orc:1 !   Orc:2 *:?*

Portals:
Trove: D:14 (give 11 potions of heal wounds)

Annotations:
D:2 exclusion: Sigmund
Lair:2 2 transporters, redmage's ghost, journeyman MeEE
Snake:1 2 transporters


Innate Abilities, Weirdness & Mutations

You are partially covered in thin metallic scales. (AC +2)
A meltable icy envelope protects you from harm. (AC +0)
You sometimes gain power by taking damage.
You are resistant to unholy torment.
A meltable shield of frost defends you. (SH +0)
You punish those that try to bend your will. (Will+)
You have a sharp stinger which inflicts weakening toxins.


Message History

Press ? for a list of commands and other information.
Cast which spell? (? or * to list)
Aiming: Borgnjor's Vile Clutch (mildly dangerous; 1% risk of failure)
Press: ? - help, Shift-Dir - straight line, f - salamander tyrant
Aim: a salamander tyrant (lightly wounded, ally target, 100% to hit)
Zombie hands grab the salamander tyrant.
The zombie hands constrict the salamander tyrant!
The salamander tyrant hits you.
* * * LOW HITPOINT WARNING * * *
You are engulfed in flames!
You resist.
* * * LOW HITPOINT WARNING * * *
Unknown command.
Casting: Borgnjor's Vile Clutch (mildly dangerous; 1% risk of failure)
Confirm with . or Enter, or press ? or * to list all spells.
Aiming: Stone Arrow (safe; 1% risk of failure)
Press: ? - help, Shift-Dir - straight line, f/p - salamander tyrant
Aim: a salamander tyrant (moderately wounded, constricted by zombie hands, ally target, 100% to hit)
The stone arrow hits the salamander tyrant.
The salamander tyrant is moderately wounded.
Your reaping aura expires.
The zombie hands constrict the salamander tyrant.
The salamander tyrant hits you but does no damage.
Your salamander zombie hits the salamander tyrant but does no damage.
Casting: Stone Arrow (safe; 1% risk of failure)
Confirm with . or Enter, or press ? or * to list all spells.
Aiming: Stone Arrow (safe; 1% risk of failure)
Press: ? - help, Shift-Dir - straight line, f/p - salamander tyrant
Aim: a salamander tyrant (moderately wounded, not watching you, constricted by zombie hands, ally target, 100% to hit)
The stone arrow hits the salamander tyrant!!
The salamander tyrant is severely wounded.
The zombie hands constrict the salamander tyrant!
The salamander tyrant rends the earth beneath you!
The blast of magma engulfs your salamander zombie!!
The blast of magma engulfs the salamander tyrant!
The salamander tyrant partially resists.
The salamander tyrant dies!
The blast of magma engulfs your salamander zombie!!! x2
The blast of magma engulfs you!! You partially resist.
You die...
Kikubaaqudgha rasps: "You have failed me!
Welcome... death!"

#...### #.....
..... .###...(
.... ......#
...# .....#
...# #...#
...# #...#
...#
#...###≈..#
#.<..)@ZZ.#
###()ZZ.#.....
#...###†.# ...
#...# ...# .
#...# ...#
#.#..# ...#
.....## ...#
....# ...#


You could see a friendly black mamba zombie and 3 friendly salamander zombies.

Vanquished Creatures
  Gastronok (Lair:1)
  2 orc warlords (Orc:1)
  A stone giant (D:15)
  A fire dragon (D:12)
  A salamander tyrant (Snake:2)
  Harold (D:9)
  Erolcha (D:11)
  3 hydras
  A centaur warrior (D:13)
  An ogre mage (D:15)
  Erica (D:8)
  A naga warrior (Snake:2)
  13 two-headed ogres
  2 tengu warriors (D:12)
  6 boulder beetles
  2 shock serpents
  3 death yaks (D:9)
  5 orc high priests
  6 naga sharpshooters
  Sonja (D:10)
  Amaemon (D:11)
  2 skeletal warriors (D:14)
  A naga ritualist (Snake:2)
  A death drake (Gauntlet)
  A deep elf archer (D:14)
  A wizard (D:15)
  6 deep elf pyromancers
  5 orc knights
  A swamp dragon (shapeshifter) (D:15)
  2 deep elf zephyrmancers (D:12)
  2 oklob plants
  4 salamanders
  4 orc sorcerers
  9 cyclopes
  6 manticores
  12 ugly things
  2 guardian serpents (Snake:2)
  19 black mambas
  Maurice (D:8)
  4 naga magi (Snake:1)
  A torpor snail (Lair:5)
  Joseph (D:7)
  A water nymph (shapeshifter) (D:15)
  6 elephants (Lair:2)
  An orange demon (D:11)
  A cane toad (shapeshifter) (D:13)
  An unseen horror (shapeshifter) (D:15)
  7 cane toads
  2 gargoyles
  Maggie (D:7)
  A tengu conjurer (D:13)
  2 rime drakes
  2 kobold demonologists
  4 komodo dragons
  A yaktaur (D:15)
  6 trolls
  A polar bear (Lair:5)
  2 tyrant leeches (Lair:2)
  Prince Ribbit (D:8)
  7 hornets
  Grinder (D:6)
  A slime creature (shapeshifter) (D:12)
  17 blink frogs
  A dream sheep (Lair:5)
  8 slime creatures
  Sigmund (D:2)
  6 shadows
  29 yaks
  15 spriggans (Lair:5)
  3 wraiths
  6 wyverns
  2 basilisks (Lair:2)
  2 vampires (D:12)
  A steam dragon (D:9)
  2 wargs (Orc:1)
  9 nagas
  7 water moccasins
  A meliai simulacrum (D:15)
  A hornet zombie (Gauntlet)
  5 sky beasts
  Pargi (D:4)
  3 ice beasts
  9 black bears
  37 orc warriors
  5 ogres (Orc:1)
  4 boggarts (Lair:5)
  16 wolves
  4 centaurs
  3 kobold brigands
  A phantom (D:6)
  A gnoll sergeant (D:8)
  6 bullfrogs
  5 scorpions
  8 wights
  2 killer bees (D:9)
  5 howler monkeys
  An electric eel (Lair:1)
  3 jellies
  2 hounds
  2 gnoll boudas
  27 orc priests
  2 sleepcaps
  32 orc wizards
  6 hell rats
  A mummy (Ossuary)
  Robin (D:2)
  6 gnolls
  7 adders
  2 river rats (D:9)
  2 ufetubi
  3 worms
  A dart slug (D:4)
  60 orcs
  3 ball pythons
  3 bats
  9 endoplasms
  7 giant cockroaches
  10 hobgoblins
  6 jackals
  8 kobolds
  7 quokkas
  2 frilled lizards (D:1)
  4 gnoll skeletons (Ossuary)
  17 goblins
  8 kobold skeletons (Ossuary)
  13 orc skeletons (Ossuary)
  7 rats
676 creatures vanquished.

Vanquished Creatures (collateral kills)
  A quicksilver ooze (Gauntlet)
  A minotaur (Gauntlet)
  3 hydras
  2 catoblepae
  2 centaur warriors (D:14)
  An anaconda (Snake:2)
  2 two-headed ogres
  A boulder beetle (D:15)
  A naga warrior (Snake:2)
  A naga sharpshooter (Snake:1)
  A skyshark (Lair:5)
  A skeletal warrior (D:14)
  A necromancer (Gauntlet)
  A mana viper (Snake:2)
  2 ugly things
  A manticore (D:14)
  5 black mambas
  A centaur zombie (Gauntlet)
  A gargoyle (D:12)
  2 rime drakes
  2 cane toads
  An efreet (D:14)
  2 komodo dragons
  2 trolls
  A spectral harpy (Gauntlet)
  A hornet (D:10)
  2 polar bears (Lair:5)
  A tyrant leech (Lair:2)
  4 blink frogs
  A wraith (D:12)
  8 yaks
  A naga (Snake:2)
  2 acid dragons
  A warg (Orc:1)
  12 water moccasins
  A hornet zombie (Gauntlet)
  A black bear (Lair:5)
  An orc warrior (Orc:1)
  An ogre (Orc:1)
  7 wolves
  5 bullfrogs
  A wight (D:9)
  A jelly (D:7)
  2 orc priests
  An orc wizard (D:11)
  2 hell rats
  A gnoll (D:8)
  An orc (Orc:1)
  A bat (D:2)
  2 endoplasms
  2 goblins
  A bush (Lair:5)
103 creatures vanquished.

Vanquished Creatures (others)
  A salamander tyrant (Snake:3)
  4 ugly thing zombies
  A manticore (Gauntlet)
  A black mamba (Gauntlet)
  A naga mage (Snake:2)
  A komodo dragon (Lair:3)
  5 black mamba zombies
  A slime creature zombie (D:9)
  A tengu zombie (D:12)
  A two-headed ogre zombie (D:12)
  3 water moccasins
  A naga (Snake:1)
  A human zombie (Gauntlet)
  6 elf zombies
  2 blink frog zombies (Lair:5)
  A naga zombie (Snake:1)
  A manticore zombie (Gauntlet)
  A komodo dragon zombie (Lair:3)
  A bullfrog (Lair:3)
  A cyclops zombie (D:12)
  3 water moccasin zombies
  A warg zombie (Orc:1)
  A troll zombie (Orc:1)
  7 yak zombies
  3 wolf zombies (Gauntlet)
  4 bullfrog zombies
  3 centaur zombies (D:14)
  6 kobold zombies
  An acid dragon zombie (D:12)
  3 ogre zombies (Orc:1)
  33 orc zombies
  2 orcs (D:14)
  A giant cockroach zombie (D:12)
  A bush (Lair:1)
  33 fungi
  88 plants
225 creatures vanquished.

Grand Total: 1004 creatures vanquished

Notes
Turn   | Place    | Note
-------+----------+-------------------------------------------
     0 | D:1      | MrClown the Demonspawn Necromancer began the quest for the
                  | Orb.
     0 | D:1      | Reached XP level 1. HP: 13/13 MP: 3/3
   150 | D:1      | Gained mutation: You sometimes gain a little power by
                  | taking damage. [demonic ancestry]
   150 | D:1      | Reached XP level 2. HP: 19/19 MP: 0/5
   376 | D:1      | Reached skill level 3 in Spellcasting
   821 | D:2      | Noticed Robin
   862 | D:2      | Reached XP level 3. HP: 24/24 MP: 4/7
   972 | D:2      | Killed Robin
   973 | D:2      | Reached skill level 4 in Spellcasting
  1011 | D:2      | Noticed Sigmund
  1049 | D:2      | Gained mutation: You have a small tail. [demonic ancestry]
  1049 | D:2      | Reached XP level 4. HP: 30/30 MP: 7/10
  2277 | D:3      | Learned a level 3 spell: Vampiric Draining
  2282 | D:3      | Learned a level 4 spell: Animate Dead
  2391 | D:2      | Killed Sigmund
  2392 | D:2      | Reached skill level 5 in Spellcasting
  2392 | D:2      | Reached skill level 5 in Necromancy
  2392 | D:2      | Gained mutation: You sometimes gain power by taking damage.
                  | [demonic ancestry]
  2392 | D:2      | Reached XP level 5. HP: 35/35 MP: 1/12
  2542 | D:4      | Reached XP level 6. HP: 37/41 MP: 7/13
  2880 | D:4      | Gained mutation: You have a tail ending in a sharp stinger.
                  | [demonic ancestry]
  2880 | D:4      | Reached XP level 7. HP: 38/46 MP: 14/14
  2916 | D:4      | Identified the +7 chain mail of Lucidity {rN+ MP+9 Str-3}
  2999 | D:4      | Noticed Pargi
  3011 | D:4      | Killed Pargi
  3042 | D:4      | Learned a level 5 spell: Agony
  3453 | D:5      | Entered Level 5 of the Dungeon
  3646 | D:5      | Reached skill level 1 in Poison Magic
  4028 | D:5      | Gained mutation: A meltable shield of frost defends you.
                  | (SH +0) [demonic ancestry]
  4028 | D:5      | Reached XP level 8. HP: 52/52 MP: 12/15
  4547 | D:6      | Found an ancient bone altar of Kikubaaqudgha.
  4547 | D:6      | Found a broken altar of Ashenzari.
  4552 | D:6      | Became a worshipper of Kikubaaqudgha
  4702 | D:6      | Noticed Grinder
  4707 | D:6      | Paralysed by Grinder for 2 turns
  4715 | D:6      | Paralysed by Grinder for 4 turns
  4908 | D:6      | Reached skill level 5 in Poison Magic
  4912 | D:6      | Paralysed by Grinder for 3 turns
  4922 | D:6      | Killed Grinder
  4995 | D:6      | Learned a level 4 spell: Olgreb's Toxic Radiance
  5581 | D:6      | Found a staircase to the Ecumenical Temple.
  5608 | D:6      | Reached XP level 9. HP: 37/57 MP: 14/16
  5873 | D:7      | Noticed Joseph
  5878 | D:7      | Killed Joseph
  5915 | D:7      | Noticed Maggie
  5924 | D:7      | Killed Maggie
  5946 | D:7      | Found a sand-covered staircase.
  5962 | Ossuary  | Entered an ossuary
  6061 | Ossuary  | Reached * piety under Kikubaaqudgha
  6061 | Ossuary  | Received a gift from Kikubaaqudgha
  7045 | D:7      | Reached skill level 5 in Fire Magic
  7450 | D:8      | Noticed Prince Ribbit
  7457 | D:8      | Killed Prince Ribbit
  7458 | D:8      | Reached skill level 6 in Spellcasting
  7574 | D:8      | Gained mutation: You punish those that try to bend your
                  | will. (Will+) [demonic ancestry]
  7574 | D:8      | Reached XP level 10. HP: 58/59 MP: 19/19
  7697 | D:8      | Noticed Maurice
  7716 | D:8      | Killed Maurice
  7717 | D:8      | Reached skill level 7 in Spellcasting
  7908 | D:8      | Found a faded altar of an unknown god.
  7908 | D:8      | Found a shimmering altar of Xom.
  7914 | D:8      | Found a bloodstained altar of Trog.
  7917 | D:8      | Found a snail-covered altar of Cheibriados.
  7919 | D:8      | Found a faded altar of an unknown god.
  7954 | D:8      | Noticed Erica
  7966 | D:8      | Killed Erica
  7967 | D:8      | Reached skill level 8 in Spellcasting
  8126 | D:8      | Found a stormy altar of Qazlal.
  8141 | D:8      | Reached ** piety under Kikubaaqudgha
  8362 | D:8      | Learned a level 3 spell: Ignite Poison
  8502 | D:9      | Noticed a death yak
  8503 | D:9      | Found a staircase to the Lair.
  8503 | D:9      | Noticed a death yak
  8503 | D:9      | Noticed a death yak
  8512 | D:9      | Killed a death yak
  8512 | D:9      | Killed a death yak
  8513 | D:9      | Reached skill level 9 in Spellcasting
  8519 | D:9      | Killed a death yak
  8520 | D:9      | Reached skill level 10 in Spellcasting
  8658 | D:9      | Noticed a two-headed ogre
  8665 | D:9      | Killed a two-headed ogre
  8666 | D:9      | Reached XP level 11. HP: 77/77 MP: 20/25
  8676 | D:9      | Reached skill level 5 in Fighting
  8779 | D:9      | Noticed a two-headed ogre
  8784 | D:9      | Noticed Harold
  8785 | D:9      | Noticed a boulder beetle
  8786 | D:9      | Reached skill level 1 in Transmutations
  8788 | D:9      | Killed a two-headed ogre
  8790 | D:9      | Killed Harold
  8795 | D:9      | Killed a boulder beetle
  8906 | D:9      | Noticed a two-headed ogre
  8923 | D:9      | Reached *** piety under Kikubaaqudgha
  8923 | D:9      | Received a gift from Kikubaaqudgha
  8933 | D:9      | Learned a level 6 spell: Death Channel
  8981 | D:9      | Paralysed by a hornet for 3 turns
  9099 | D:9      | Identified the staff of air "Pymu" {rElec rF+}
  9148 | D:9      | Killed a two-headed ogre
  9149 | D:9      | Reached skill level 5 in Evocations
  9228 | D:9      | Noticed a two-headed ogre
  9235 | D:9      | Killed a two-headed ogre
  9514 | D:9      | Found Woubakeh's Book Shop.
  9701 | D:10     | Entered Level 10 of the Dungeon
  9807 | D:10     | Noticed Sonja
  9812 | D:10     | Killed Sonja
  9972 | D:10     | Reached XP level 12. HP: 80/86 MP: 16/26
 11036 | D:11     | Noticed Erolcha
 11041 | D:11     | Killed Erolcha
 11042 | D:11     | Reached skill level 1 in Earth Magic
 11048 | D:11     | Reached **** piety under Kikubaaqudgha
 11221 | D:11     | Noticed Amaemon
 11227 | D:11     | Killed Amaemon
 11918 | D:11     | Found a staircase to the Orcish Mines.
 12117 | D:12     | Noticed a two-headed ogre
 12181 | Lair:1   | Entered Level 1 of the Lair of Beasts
 12406 | Lair:1   | Noticed a boulder beetle
 12414 | Lair:1   | Learned a level 5 spell: Borgnjor's Vile Clutch
 12419 | Lair:1   | Noticed Gastronok
 12421 | Lair:1   | Reached skill level 5 in Earth Magic
 12426 | Lair:1   | Killed a boulder beetle
 12431 | Lair:1   | Killed Gastronok
 13841 | Lair:2   | Reached skill level 1 in Conjurations
 13868 | Lair:2   | Noticed a six-headed hydra
 13874 | Lair:2   | Killed a six-headed hydra
 13875 | Lair:2   | Gained mutation: You are partially covered in thin metallic
                  | scales. (AC +2) [demonic ancestry]
 13875 | Lair:2   | Reached XP level 13. HP: 91/91 MP: 19/27
 14027 | Lair:2   | Found a gate leading to a gauntlet.
 14032 | Lair:2   | Found a transporter.
 14034 | Lair:2   | Found a transporter.
 14036 | Gauntlet | Entered a Gauntlet
 14036 | Gauntlet | Found a large runed translucent door.
 14036 | Gauntlet | Found a large runed translucent door.
 14036 | Gauntlet | Found a large runed translucent door.
 14036 | Gauntlet | Found a large runed translucent door.
 14036 | Gauntlet | Found a large runed translucent door.
 14036 | Gauntlet | Found a large runed translucent door.
 14036 | Gauntlet | Found a large runed translucent door.
 14036 | Gauntlet | Found a large runed translucent door.
 14036 | Gauntlet | Found a runed translucent door.
 14036 | Gauntlet | Found a runed translucent gate.
 14036 | Gauntlet | Found a transporter.
 14036 | Gauntlet | Found a transporter.
 14036 | Gauntlet | Found a runed translucent gate.
 14036 | Gauntlet | Found a transporter.
 14036 | Gauntlet | Found a transporter.
 14040 | Gauntlet | Found a transporter.
 14040 | Gauntlet | Found a transporter.
 14041 | Gauntlet | Found a runed translucent gate.
 14041 | Gauntlet | Found a runed translucent door.
 14045 | Gauntlet | Found a large runed translucent door.
 14045 | Gauntlet | Found a large runed translucent door.
 14050 | Gauntlet | Found a transporter.
 14054 | Gauntlet | Found a transporter.
 14055 | Gauntlet | Noticed a quicksilver ooze
 14066 | Gauntlet | Found a transporter.
 14110 | Gauntlet | Found a large runed translucent door.
 14110 | Gauntlet | Found a large runed translucent door.
 14113 | Gauntlet | Found a large runed translucent door.
 14113 | Gauntlet | Found a large runed translucent door.
 14114 | Gauntlet | Found a large runed translucent door.
 14115 | Gauntlet | Found a large runed translucent door.
 14167 | Gauntlet | Found a transporter.
 14169 | Gauntlet | Found a transporter.
 14179 | Gauntlet | Found a transporter.
 14332 | Gauntlet | Killed a quicksilver ooze
 14422 | Gauntlet | HP: 2/83 [poisoned by a death drake (dark miasma)]
 14423 | Gauntlet | Reached skill level 5 in Conjurations
 14429 | Gauntlet | Identified the -1 cloak of Xom's Grace {Rampage rElec Str+2
                  | Dex-5}
 14707 | Gauntlet | Identified the +2 mace of Conservatism {venom, MP+9}
 14707 | Gauntlet | Identified the ring of Mirth {Wiz rElec rC+}
 14707 | Gauntlet | Noticed a minotaur
 14711 | Gauntlet | Killed a minotaur
 14718 | Gauntlet | Identified the ring of Siophis {rF+ MP+9 Str+2 Dex+3}
 15086 | Lair:2   | Noticed redmage's ghost (journeyman MeEE)
 15093 | Lair:2   | Found a bloodstained altar of Trog.
 15189 | Lair:2   | Reached skill level 5 in Dodging
 15777 | Lair:2   | Found a staircase to the Swamp.
 16571 | Lair:3   | Found a staircase to the Snake Pit.
 17859 | Lair:4   | Reached ***** piety under Kikubaaqudgha
 18189 | Lair:5   | Entered Level 5 of the Lair of Beasts
 18197 | Lair:5   | Gained mutation: You are resistant to unholy torment.
                  | [demonic ancestry]
 18197 | Lair:5   | Reached XP level 14. HP: 45/98 MP: 28/28
 18602 | Lair:5   | Reached skill level 11 in Spellcasting
 18844 | Lair:5   | Reached skill level 12 in Spellcasting
 18970 | Lair:5   | Reached ****** piety under Kikubaaqudgha
 19036 | Lair:5   | Found a bloodstained altar of Trog.
 19079 | Lair:5   | Found a viscous altar of Jiyva.
 19079 | Lair:5   | Found a staircase to the Slime Pits.
 19461 | Orc:1    | Entered Level 1 of the Orcish Mines
 19532 | Orc:1    | Noticed an orc warlord
 19538 | Orc:1    | Killed an orc warlord
 19539 | Orc:1    | Reached skill level 13 in Spellcasting
 19547 | Orc:1    | Noticed an orc warlord
 19563 | Orc:1    | Killed an orc warlord
 19970 | Orc:1    | Got the Parchment of Transposed Arcane Combat
 19974 | Orc:1    | Identified the +4 mace of the Living Dead {freeze, Str+3}
 20281 | Orc:1    | Found Xaoceogg's Distillery.
 20575 | Orc:1    | Identified the ring "Dalekhac" {rC+ Str+9 Slay+2 Stlth-}
 20685 | Orc:2    | Entered Level 2 of the Orcish Mines
 20768 | Orc:2    | Found a staircase to the Elven Halls.
 20812 | Orc:2    | Reached skill level 14 in Spellcasting
 20907 | Orc:2    | Found Saom's Assorted Antiques.
 20916 | Orc:2    | Found Joufabop's Magic Scroll Shoppe.
 20918 | Orc:2    | Found Ilah Fyrhis's General Store.
 21101 | Orc:2    | Found Seraaj's Book Emporium.
 21108 | Orc:2    | Bought a book of Blasting for 520 gold pieces
 21109 | Orc:2    | Bought a book of Decay for 420 gold pieces
 21113 | Orc:2    | Bought a potion of heal wounds for 100 gold pieces
 21663 | D:12     | Learned a level 3 spell: Stone Arrow
 21668 | D:12     | Learned a level 4 spell: Dispel Undead
 21674 | D:12     | Learned a level 5 spell: Lee's Rapid Deconstruction
 21870 | D:12     | Gained mutation: A meltable icy envelope protects you from
                  | harm. (AC +0) [demonic ancestry]
 21870 | D:12     | Reached XP level 15. HP: 95/103 MP: 33/33
 22251 | D:12     | Identified the amulet "Litranu" {RegenMP *Slow rF+ Slay+2}
 22371 | D:12     | Reached skill level 15 in Spellcasting
 22798 | D:12     | Reached skill level 10 in Necromancy
 23014 | D:12     | Identified the +1 shortbow "Vuzxeuv" {antimagic, rElec
                  | rPois rC-}
 23765 | D:12     | Identified the +0 ring mail of Discretion {rElec Regen+}
 23947 | D:12     | Identified the staff of conjuration "Kaimni" {MP-9 Str+2
                  | Int+3}
 25281 | D:14     | Reached skill level 1 in Summonings
 25361 | D:14     | Found a gate to the Vaults.
 25389 | D:14     | Found a stormy altar of Qazlal.
 25751 | D:14     | Found a portal to a secret trove of treasure.
 26413 | D:15     | Entered Level 15 of the Dungeon
 26507 | D:15     | Found a staircase to the Depths.
 26895 | D:15     | Reached skill level 5 in Summonings
 27299 | D:15     | Gained mutation: You have a sharp stinger which inflicts
                  | weakening toxins. [demonic ancestry]
 27299 | D:15     | Reached XP level 16. HP: 88/109 MP: 35/35
 28122 | Snake:1  | Entered Level 1 of the Snake Pit
 28359 | Snake:1  | Found a transporter.
 28378 | Snake:1  | Identified the amulet of the Dull Banana {Acrobat rPois
                  | Will++ rCorr Stlth-}
 28675 | Snake:1  | Found a transporter.
 30492 | Snake:2  | Reached skill level 10 in Summonings
 30879 | Snake:2  | Identified the +5 ring mail of the Tundras {rC+ Stlth+}
 31390 | Snake:3  | Killed from afar by the salamander tyrant

Illustrated notes

Levels and vault maps discovered:
D:1:      dpeg_arrival_erosion, layout_basic
D:2:      layout_rooms, st_stairs_12, uniq_robin, uniq_sigmund
D:3:      layout_basic, serial_bayou_crossing
D:4:      layout_cave_pods, uniq_pargi
D:5:      layout_basic, serial_park_tiny_pond
D:6:      layout_rooms, overflow_temple_1_default, general_overflow_altar,
          minmay_temple_entry_waves, hangedman_decor_peaks_small, uniq_grinder
D:7:      kb_forest_paths, layout_rooms, enter_ossuary_5, uniq_joseph,
          uniq_maggie
D:8:      layout_basic, chequers_temple_overflow_minitemple,
          mainiacjoe_overflow_large_starburst, hangedman_decor_growths,
          uniq_maurice, uniq_erica, uniq_prince_ribbit1
D:9:      nzn_winding_woodlands_cross [nzn_winding_woodlands_5x15_eye,
          nzn_winding_woodlands_5x15_sawtooth, nzn_winding_woodlands_5x15_twine,
          nzn_winding_woodlands_5x15_split_checker,
          nzn_winding_woodlands_15x15_five_gardens], layout_cross,
          dpeg_lair_monsters, serial_shops, shop, uniq_harold
D:10:     layout_rooms, uniq_sonja
D:11:     layout_loops_corners, orc_0_dummy, uniq_amaemon, uniq_erolcha
D:12:     minmay_the_grid_4x2 [minmay_the_grid_dragon_b,
          minmay_the_grid_holed_spiral, minmay_the_grid_slots,
          minmay_the_grid_medium_cups, minmay_the_grid_odd_star,
          minmay_the_grid_tri_star, minmay_the_grid_paths,
          minmay_the_grid_prize_four_corners_diamond_a], layout_stronghold
D:13:     layout_roguey, chequers_serial_rivers_small_b
D:14:     layout_cave_pods, hangedman_vaults_entry_quadrant_bands,
          enter_trove_0, nicolae_qazlal_scattered_showers
D:15:     grunt_enter_depths_giant_problem, layout_cave_pods, dk_noncrumbling_4,
          minmay_door_square, st_stairs_13, hangedman_decor_diamond_cutter
Lair:1:   layout_small_grid, minmay_lair_oklob_items, serial_bayou_shore_b,
          infiniplex_staircase_pool, uniq_gastronok
Lair:2:   layout_layer_cave, minmay_swamp_entry_worms,
          gammafunk_ghost_wrathful_warriors, gauntlet_entry_generic,
          grunt_megastairs_4, lemuel_fruit_tree, serial_bayou_shore_b
Lair:3:   layout_gridlike, minmay_snake_entry_six_corridors
Lair:4:   layout_roguey
Lair:5:   minmay_lair_end_enchanted_forest, layout_misc_corridors,
          dpeg_slime_entry_enclosed, basic_altar, grunt_megastairs_5
Snake:1:  gammafunk_the_bubble [the_bubble_gammafunk_split], layout_gridlike,
          serial_bayou_shore_b
Snake:2:  layout_onion, st_stairs_10, nicolae_integral_box
Snake:3:  layout_concentric_octagons, grunt_megastairs_2, minmay_shop_star,
          uniq_donald, uniq_nikola, uniq_vashnia
Orc:1:    nicolae_orc_accident_1, layout_caves, serial_shops, shop_statue,
          minmay_orc_treasury
Orc:2:    st_orc_mages, layout_caves, basic_altar

Skill      XL: |  1  2  3  4  5  6  7  8  9 10 11 12 13 14 15 16 |
---------------+-------------------------------------------------+-----
Spellcasting   | 3 4 5 6 10 14 15 | 15.0
Necromancy     | 5 6 7 9 13 | 13.0
Poison Magic   | 3 7 9 |  9.0
Fire Magic     | 5 |  5.0
Fighting       | 4 5 |  5.0
Transmutations | 4 |  4.0
Evocations     | 8 9 |  9.0
Earth Magic    | 9 |  9.0
Conjurations   | 2 5 |  5.0
Dodging        | 9 |  9.0
Summonings     | 6 10 | 10.8
Stealth        | |  1.7

Action                     |  1- 3 |  4- 6 |  7- 9 | 10-12 | 13-15 | 16-18 || total
---------------------------+-------+-------+-------+-------+-------+-------++-------
  Melee: Unarmed           |    12 |       |     1 |       |       |       ||    13
         Dagger            |    12 |    28 |    65 |       |       |       ||   105
         Tailslap          |       |     5 |    41 |    30 |    76 |    12 ||   164
         Punch             |       |     1 |     5 |     2 |     3 |       ||    11
         Falchion          |       |       |   194 |    26 |       |       ||   220
         Scimitar          |       |       |       |   153 |   240 |       ||   393
         Mace              |       |       |       |       |    96 |    72 ||   168
  Throw: Dart              |       |     1 |     5 |     4 |     1 |       ||    11
         Throwing net      |       |       |       |     2 |     1 |       ||     3
   Cast: Necrotise         |    70 |    73 |   131 |    34 |     8 |       ||   316
         Vampiric Draining |       |     2 |    39 |    59 |    56 |    18 ||   174
         Agony             |       |       |     3 |     2 |       |       ||     5
         Olgreb's Toxic Ra |       |       |       |    32 |    95 |     5 ||   132
         Ignite Poison     |       |       |       |    36 |   135 |     4 ||   175
         Animate Dead      |       |       |       |     5 |    13 |     4 ||    22
         Borgnjor's Vile C |       |       |       |     8 |    35 |    32 ||    75
         Death Channel     |       |       |       |       |     7 |     3 ||    10
         Stone Arrow       |       |       |       |       |    48 |    50 ||    98
         Dispel Undead     |       |       |       |       |     9 |       ||     9
         Lee's Rapid Decon |       |       |       |       |     2 |     2 ||     4
 Invoke: Unearth Wretches  |       |       |       |     1 |     3 |     1 ||     5
  Evoke: Wand              |       |       |    30 |     1 |     7 |     1 ||    39
         Phantom mirror    |       |       |       |       |     1 |       ||     1
    Use: Scroll            |     4 |     6 |    11 |     6 |     6 |       ||    33
         Potion            |       |       |     2 |     1 |     9 |       ||    12
   Stab: Sleeping          |       |       |     1 |     4 |     6 |       ||    11
         Distracted        |       |       |       |     1 |     3 |       ||     4
         Paralysed         |       |       |       |       |     2 |       ||     2
 Armour: Robe              |    17 |    39 |   166 |    69 |       |       ||   291
         Skin              |       |       |       |    27 |       |       ||    27
         Steam dragon scal |       |       |       |    11 |   268 |    65 ||   344
  Dodge: Dodged            |    44 |    50 |   273 |   169 |   552 |   128 ||  1216
  Block: Other             |       |       |    64 |    44 |   130 |    29 ||   267
